 Dungeon Crawl Stone Soup version 0.32-a0-732-ga344392067 (webtiles) character file.

Game seed: 2827948091385882880

316 Aldia the Changeling (level 6, -11/48 HPs)
             Began as a Draconian Shapeshifter on Mar 16, 2024.
             Mangled by an ogre
             ... wielding a +0 giant club
              (17 damage)
             ... on level 4 of the Dungeon.
             The game lasted 00:04:53 (2737 turns).

Aldia the Changeling (Draconian Shapeshifter)       Turns: 2737, Time: 00:04:53

Health: -11/48     AC:  6    Str: 16    XL:     6   Next: 20%
Magic:  6/6        EV: 11    Int: 11    God:
Gold:   232        SH:  0    Dex: 12    Spells: 3/5 levels left

rFire   . .          .
                       - Unarmed
rCold   . . .        (no shield)
rNeg    . . .        (body armour unavailable)
rPois   .            (helmet currently unavailable)
rElec   .            (cloak currently unavailable)
rCorr   .            (gloves currently unavailable)
SInv    .            (boots currently unavailable)
Will    .....        (no amulet)
Stlth   +            i - +4 ring of slaying
HPRegen 0.28/turn    (no ring)
MPRegen 0.10/turn

%: no passive effects
@: beast-form
A: beast (slay +3), AC +6, unfitting armour, cold-blooded
a: Begin Untransformation


You were on level 4 of the Dungeon.
You were a hulking beast.
You visited 1 branch of the dungeon, and saw 4 of its levels.

You collected 232 gold pieces.

Inventory:

Hand Weapons
 d - a +0 short sword
 k - a +0 dagger of venom
Armour
 o - a +1 pair of gloves
Jewellery
 i - a +4 ring of slaying (left hand)
Talismans
 b - a beast talisman (active)
 c - a flux talisman
Wands
 n - a wand of roots (10)
Scrolls
 e - a scroll of poison {unknown}
 f - 2 scrolls of blinking {unknown}
 h - a scroll of fear {unknown}
 j - 2 scrolls of brand weapon
 l - 2 scrolls of identify
Potions
 a - a potion of lignification
 g - a potion of mutation
 m - a potion of heal wounds {unknown}


   Skills:
 - Level 2.0 Fighting
 - Level 2.0 Dodging
 + Level 4.6 Unarmed Combat
 * Level 5.4 Shapeshifting


You had 3 spell levels left.
You knew the following spells:

 Your Spells              Type           Power      Damage    Failure   Level
a - Blink                 Tloc           0%         N/A       47%         2

Your spell library contained the following spells:

 Spells                   Type           Power      Damage    Failure   Level
 Summon Small Mammal      Summ           0%         N/A       34%         1
 Lesser Beckoning         Tloc           0%         N/A       47%         2
 Momentum Strike          Conj/Tloc      0%         3d8       47%         2
 Call Canine Familiar     Summ           0%         N/A       71%         3
 Passwall                 Erth           0%         N/A       71%         3
 Volatile Blastmotes      Fire/Tloc      0%         2d10      71%         3
 Summon Blazeheart Golem  Fire/Summ      0%         N/A       98%         4
 Bombard                  Conj/Erth      0%         9d1       100%        6


Dungeon Overview and Level Annotations

Branches:
Dungeon (4/15)
 Temple: D:4-7

Altars:
Ashenzari
Cheibriados
Nemelex Xobeh
Qazlal
Vehumet
Yredelemnul


Innate Abilities, Weirdness & Mutations

You are a hulking beast.
Your limbs bulge with bestial killing power. (Slay +3)
Your plain brown scales are hard. (AC +6)
You cannot fit into any form of body armour.
You are cold-blooded and may be slowed by cold attacks.


Message History

Found a radiant altar of Vehumet.
Found a broken altar of Ashenzari.
There is an open door here.
Found a helmet.
Found a scale mail.
You see here a +0 helmet.
You see here a +0 scale mail.
Found a stone staircase leading down.
Found a stone staircase leading down.
Found a sling.
You see here a +0 scale mail.
You see here a +0 helmet.
An ogre comes into view. It is wielding a +0 giant club.
An ogre is nearby!
An ogre is nearby!
An ogre is nearby!
A goblin comes into view. It is wielding a +0 dagger.
The ogre shouts!
The goblin shouts!
The ogre hits you with a +0 giant club!!
You punch the ogre!
The ogre is moderately wounded.
You barely miss the ogre.
Your tail-slap misses the ogre.
The ogre is moderately wounded.
The ogre hits you with a +0 giant club!
You are too injured to fight recklessly!
You are too injured to fight recklessly!
You are too injured to fight recklessly!
You hit the ogre.
The ogre is heavily wounded.
The goblin hits you but does no damage.
You barely miss the ogre.
The ogre is heavily wounded.
The goblin hits you with a +0 dagger. The ogre hits you with a +0 giant club!
* * * LOW HITPOINT WARNING * * *
You hit the ogre.
The ogre is heavily wounded.
The goblin hits you with a +0 dagger.
* * * LOW HITPOINT WARNING * * *
The ogre hits you with a +0 giant club!
You die...

#.....# ##..###
#####..####... ###
#...........# #
..####...##.######
##.# #.......###.[#
.... ##.....## ##.#
#..#
......######.####O..#
.>.##.........#.hg#
#####...........###
...##..........##
...##..........#
...##..........###
...##..<.........#####
...##)...............#
....#.........#.######
......(...#####.#


You could see an ogre and a goblin.

Vanquished Creatures
  A phantom (D:4)
  A scorpion (D:3)
  A bombardier beetle (D:4)
  A jelly (D:2)
  A gnoll (D:1)
  3 adders
  4 dart slugs
  2 ribbon worms (D:2)
  5 orcs (D:3)
  5 bats
  9 endoplasms
  3 giant cockroaches
  4 goblins
  3 hobgoblins (D:1)
  6 jackals
  A quokka (D:3)
  6 ball pythons
  3 frilled lizards
  2 kobolds
  11 rats
72 creatures vanquished.

Notes
Turn   | Place    | Note
-------+----------+-------------------------------------------
     0 | D:1      | Aldia the Draconian Shapeshifter began the quest for the
                  | Orb.
     0 | D:1      | Reached XP level 1. HP: 16/16 MP: 1/1
    60 | D:1      | Reached XP level 2. HP: 17/23 MP: 2/2
   214 | D:1      | Reached XP level 3. HP: 23/29 MP: 3/3
  1027 | D:2      | Reached skill level 4 in Shapeshifting
  1027 | D:2      | Reached XP level 4. HP: 11/36 MP: 4/4
  1200 | D:2      | Identified the +1 sling "Aldia's Bane" {drain, Will+ Int+3
                  | Dex+2}
  1572 | D:3      | Learned a level 2 spell: Blink
  1913 | D:3      | Found a basalt altar of Yredelemnul.
  2193 | D:4      | Noticed a scorpion
  2282 | D:3      | Reached XP level 5. HP: 27/41 MP: 5/5
  2362 | D:3      | HP: 1/41 [poisoned by a scorpion]
  2502 | D:4      | Reached skill level 5 in Shapeshifting
  2559 | D:4      | Noticed a phantom
  2568 | D:4      | Killed a phantom
  2569 | D:4      | Reached XP level 6. HP: 46/48 MP: 6/6
  2644 | D:4      | Found a stormy altar of Qazlal.
  2644 | D:4      | Found a snail-covered altar of Cheibriados.
  2650 | D:4      | Found a sparkling altar of Nemelex Xobeh.
  2652 | D:4      | Found a radiant altar of Vehumet.
  2654 | D:4      | Found a broken altar of Ashenzari.
  2737 | D:4      | Mangled by an ogre

Illustrated notes

Levels and vault maps discovered:
D:1:      psy_arrival_conway, layout_rooms
D:2:      layout_loops_ring, kennysheep_generic_room_8
D:3:      layout_loops_ring, lemuel_tele_altar
D:4:      layout_rooms, chequers_temple_overflow_minitemple,
          mainiacjoe_overflow_swirl, kennysheep_orc_sif_temple,
          chequers_temple_overflow_statue_of_worship,
          chequers_serial_rivers_room_b

Skill      XL: |  1  2  3  4  5 |
---------------+----------------+-----
Dodging        | 2 |  2.0
Fighting       | 2 |  2.0
Shapeshifting  | 4 5 |  5.4
Unarmed Combat | 4 |  4.6

Action                     |  1- 3 |  4- 6 || total
---------------------------+-------+-------++-------
  Melee: Unarmed           |   104 |    59 ||   163
         Tailslap          |    10 |    11 ||    21
         Punch             |     1 |     2 ||     3
         Dagger            |     3 |       ||     3
    Use: Scroll            |     3 |       ||     3
         Potion            |       |     3 ||     3
   Stab: Sleeping          |     3 |     1 ||     4
 Armour: Skin              |    54 |    40 ||    94
  Dodge: Dodged            |    52 |    30 ||    82

Table legend: (Time is in decaauts)
 A = Elapsed time spent in this place.
 B = Non-inter-level travel time spent in this place.
 C = Inter-level travel time spent in this place.
 D = Time resting spent in this place.
 E = Time spent auto-exploring this place.
 F = Levels seen in this place.
 G = Mean time per level.
                   A        B        C        D        E       F      G
               +--------+--------+--------+--------+--------+-----+--------+
         Total |   2737 |   2548 |    189 |    186 |   1915 |   4 |  684.2 |
       Dungeon |   2737 |   2548 |    189 |    186 |   1915 |   4 |  684.2 |
               +--------+--------+--------+--------+--------+-----+--------+

Top non-repeatable levels by time:
     D:2: 927 daAuts
     D:3: 922 daAuts
     D:1: 637 daAuts
     D:4: 250 daAuts
